Map: Abyssal Reef LE

Players

BsB - Winner!

  • Race: Terran Terran
  • Spawn Location: 5:00

theagency

  • Race: Terran Terran
  • League: Bronze
  • Spawn Location: 11:00

VOD

Have the link to the VOD?

Description

Time

  • Played on: May 14, 2017, 8:36 a.m.
  • Length: 17:39
Show
View Real Time Build Order
Export as new Build Order

BsB Terran - Winner!

Build Orders: MMM Bio 

Get SALT Encoding   

  12  0:00  SCV  
  13  0:15  SCV  
  13  0:20  Supply Depot  
  14  0:27  SCV  
  15  0:41  SCV  
  16  0:46  Barracks  
  16  0:51  Refinery  
  16  0:53  SCV  
  17  1:06  SCV  
  18  1:18  SCV  
  20  1:34  Orbital Command  
  20  1:37  Barracks Reactor  
  19  1:45  Command Center  
  19  2:00  SCV  
  20  2:12  Barracks, SCV  
  20  2:14  Marine x2  
  23  2:36  Supply Depot  
  23  2:57  SCV  
  23  2:58  Factory  
  24  3:04  SCV  
  25  3:09  SCV  
  26  3:18  Orbital Command  
  26  3:20  Marine x2  
  26  3:21  SCV  
  26  3:24  Barracks Tech Lab  
  29  3:42  Starport  
  29  3:45  Factory Reactor  
  29  3:47  SCV  
  30  3:49  SCV  
  30  3:52  Refinery  
  31  3:59  SCV  
  31  4:01  SCV  
  33  4:06  Marine x3  
  33  4:08  Stimpack  
  36  4:11  SCV  
  36  4:13  SCV  
  38  4:23  SCV  
  39  4:25  SCV  
  39  4:29  Marine x3  
  43  4:35  SCV  
  43  4:37  SCV  
  45  4:46  Engineering Bay, Marine  
  45  4:52  Barracks  
  46  4:56  Supply Depot  
  46  5:17  Marine x3, SCV x2, Medivac  
  46  5:19  Supply Depot  
  53  5:30  Barracks, SCV  
  54  5:37  Barracks  
  54  5:40  Marine x2, Medivac  
  54  5:41  SCV  
  54  5:42  SCV  
  61  5:44  Marine  
  61  5:47  Barracks Reactor  
  61  5:53  SCV  
  62  5:57  Refinery  
  62  6:23  Supply Depot  
  62  6:30  Supply Depot x2  
  62  6:44  Marine x3  
  62  6:45  SCV, Medivac x2  
  62  6:46  Supply Depot  
  70  6:51  SCV  
  71  6:57  SCV  
  71  6:58  Terran Infantry Weapons Level 1  
  71  6:59  Supply Depot  
  71  7:01  Barracks Reactor  
  72  7:02  Marine x4  
  72  7:04  Marauder  
  78  7:09  SCV, Barracks Tech Lab  
  78  7:10  Supply Depot  
  78  7:11  Combat Shields  
  78  7:15  Medivac x2  
  83  7:20  Marine x4  
  87  7:23  Supply Depot, Refinery  
  87  7:25  Marauder  
  87  7:29  SCV  
  90  7:34  Supply Depot  
  90  7:35  Concussive Shells  
  90  7:36  Marine  
  91  7:37  Marine  
  91  7:38  Marine x3  
  91  7:39  Marine x2  
  91  7:41  SCV  
  98  7:44  Medivac  
  98  7:46  Supply Depot  
  98  7:47  Marauder  
  98  7:50  Supply Depot  
  102  7:53  Marine  
  102  7:55  Marine x2  
  102  7:56  Marine x3  
  102  7:57  Supply Depot, Marine  
  109  8:08  Marauder  
  109  8:12  Marauder  
  113  8:13  Supply Depot, Marine x3  
  113  8:14  Marine x3, Medivac x2  
  123  8:29  Marauder  
  123  8:33  Marauder  
  127  8:37  Supply Depot  
  127  8:39  Marine x4  
  127  8:40  Marine x2  
  133  8:43  Medivac  
  133  8:44  Medivac  
  137  8:51  Marauder  
  137  8:55  Marauder  
  141  8:57  Marine x2  
  141  9:01  Supply Depot  
  143  9:12  Marauder  
  143  9:13  Marine x2  
  143  9:14  Marine x2  
  143  9:15  Marine x2  
  143  9:16  Marauder, Medivac x2  
  109  9:31  Marine x2  
  109  9:33  Marauder  
  109  9:37  Marauder  
  87  9:46  Medivac  
  87  9:51  Command Center  
  89  9:57  Marine x6  
  89  9:58  Marauder  
  89  9:59  Marauder  
  99  10:07  Terran Infantry Armor Level 1  
  99  10:13  Barracks  
  99  10:15  Armory, Marine x6  
  105  10:25  Engineering Bay  
  105  10:37  Medivac x2  
  105  10:41  Marine x7  
  116  10:59  SCV x2  
  116  11:02  Barracks  
  116  11:04  Barracks Reactor  
  118  11:06  Terran Infantry Weapons Level 2  
  118  11:07  Medivac x2  
  118  11:11  SCV  
  123  11:38  SCV, Refinery  
  123  11:39  SCV x2  
  126  11:41  Marine x8  
  126  11:42  Marauder, Marine  
  137  11:50  SCV  
  137  11:51  SCV  
  139  11:58  Marine  
  139  11:59  Marine x3  
  139  12:00  Marauder  
  139  12:01  Terran Infantry Armor Level 2  
  145  12:17  Marine  
  145  12:18  Marine x6  
  145  12:19  Marauder, Marine  
  145  12:21  Marine, Medivac  
  158  12:35  Marine  
  158  12:36  Marine x7  
  166  12:39  Marauder  
  166  12:40  Supply Depot  
  166  12:41  Marauder  
  166  12:43  Barracks Reactor  
  170  12:56  Refinery  
  170  13:03  Supply Depot  
  170  13:07  Marine x8  
  170  13:08  Marine x2  
  170  13:12  Medivac  
  182  13:24  Marine  
  182  13:25  Supply Depot, Marine  
  184  13:30  Terran Infantry Weapons Level 3  
  184  13:48  Supply Depot  
  184  14:16  Marine x3  
  184  14:17  Marine x8  
  187  14:18  Marine  
  187  14:21  Medivac  
  194  14:34  Marine x5  
  194  14:35  Marine x4  
  194  14:38  Marine x3  
  185  14:52  Marine x5  
  177  14:53  Marine x4  
  177  14:56  Marine x3  
  167  15:08  Medivac  
  167  15:10  Marine x4, Medivac  
  175  15:38  Medivac  
  175  15:40  Medivac  
Show
View Real Time Build Order
Export as new Build Order

theagency Terran 

Build Orders:  

Get SALT Encoding   

  12  0:11  Supply Depot  
  12  0:18  SCV  
  13  0:24  Refinery  
  13  0:41  Barracks  
  13  0:50  Barracks  
  13  0:55  SCV  
  14  1:10  SCV  
  15  1:17  Refinery  
  15  1:40  SCV  
  15  1:45  Marine  
  17  1:52  Orbital Command  
  17  1:58  Factory  
  17  2:03  Marine  
  18  2:11  Supply Depot  
  18  2:28  Marine  
  20  2:30  SCV  
  20  2:46  Marine  
  20  2:48  Starport  
  21  2:55  Engineering Bay  
  21  2:57  SCV  
  22  3:01  Factory Tech Lab  
  22  3:07  Barracks Reactor  
  22  3:21  SCV  
  23  3:35  Supply Depot, Terran Infantry Weapons Level 1  
  23  3:49  Supply Depot, SCV  
  24  3:59  Marine  
  24  4:02  Liberator  
  25  4:12  Siege Tank  
  28  4:23  SCV  
  32  4:34  Marine x2  
  34  4:46  Siege Tank  
  34  4:52  SCV  
  38  5:00  Supply Depot  
  38  5:19  SCV  
  39  5:21  Armory  
  39  5:32  Terran Infantry Armor Level 1  
  39  5:33  Supply Depot  
  39  5:36  Marine  
  39  5:37  Marine  
  41  5:58  Missile Turret  
  41  6:08  SCV  
  41  6:09  Marine x2  
  41  6:10  Siege Tank  
  47  6:14  Viking  
  49  6:26  Engineering Bay, Marine  
  50  6:36  Supply Depot  
  50  6:55  Siege Tank  
  50  6:57  Marine x2  
  55  7:01  Terran Infantry Weapons Level 2  
  55  7:35  Command Center  
  55  7:50  Viking  
  57  7:51  Marine x2  
  59  8:04  Armory  
  59  8:05  Terran Vehicle Weapons Level 1  
  59  8:20  Viking, SCV  
  59  8:23  Marine x2  
  64  8:29  Siege Tank  
  64  8:32  SCV  
  68  8:44  Terran Infantry Armor Level 2, Liberator  
  68  8:48  Marine x2  
  73  9:04  Terran Vehicle And Ship Armor Level 1  
  73  9:11  SCV  
  73  9:15  SCV  
  75  9:23  SCV, Refinery  
  74  9:35  SCV  
  74  9:36  Refinery  
  70  9:54  SCV  
  70  9:55  Marine x2  
  70  9:59  Siege Tank  
  76  10:02  Terran Infantry Weapons Level 3  
  76  10:06  SCV  
  77  10:15  Terran Vehicle Weapons Level 2  
  77  10:20  Marine x2  
  79  10:23  Starport Tech Lab  
  79  10:34  Fusion Core  
  79  10:52  SCV  
  79  10:53  SCV  
  81  11:04  Marine x2, SCV  
  83  11:05  SCV  
  85  11:26  Command Center  
  85  11:41  Marine x2, Siege Tank  
  90  11:50  Supply Depot  
  90  11:51  Battlecruiser  
  96  12:03  Marine x2  
  98  12:11  Supply Depot  
  98  12:13  Siege Tank  
  101  12:22  Supply Depot  
  101  12:38  Refinery  
  101  12:41  Refinery  
  101  12:51  Marine  
  101  12:52  Marine  
  101  12:53  Siege Tank  
  101  12:55  Viking  
  108  13:09  Marine x2  
  110  13:23  SCV  
  110  13:25  SCV x2  
  113  13:35  SCV  
  113  13:37  SCV  
  115  13:47  SCV  
  116  13:54  Missile Turret  
  116  14:06  Missile Turret  
  116  14:10  SCV  
  116  14:16  Terran Vehicle And Ship Armor Level 2  
  117  14:18  Marine x2  
  117  14:19  Siege Tank  
  117  14:22  SCV  
  123  14:24  Banshee  
  123  14:34  SCV  
  71  14:46  SCV  
Tags
 
Composition
MMM Bio
League
Bronze
Matchup
TvT
Race
Terran
Spawn Locations
Cross Positions
Add a new tag
Caveats
  • Supply blocks, unpowered buildings, or Contaminate may cause inaccurate times.
  • Supply counts are checked every 10 seconds.